 Dungeon Crawl Stone Soup version 0.26.1-11-gd32895ea62 (webtiles) character file.

Game seed: 4379750736996532720

15551 Tirrikindir the Cleaver (level 12, 0/106 HPs)
             Began as a Hill Orc Fighter on June 18, 2021.
             Was a High Priest of the Shining One.
             Slain by a vampire knight
             ... wielding a +1 long sword
              (6 damage)
             ... on level 13 of the Dungeon.
             The game lasted 00:34:26 (13302 turns).

Tirrikindir the Cleaver (Hill Orc Fighter)         Turns: 13302, Time: 00:34:27

Health: 0/106      AC: 18    Str: 22    XL:     12   Next: 28%
Magic:  28/28      EV: 20    Int: 10    God:    the Shining One [*****.]
Gold:   828        SH:  0    Dex: 18    Spells: 11/16 levels left

rFire    . . .     SeeInvis +   L - +2 battleaxe
rCold    . . .     Faith    .   (shield currently unavailable)
rNeg     + + +     Spirit   .   p - +4 ring mail "Kieskeull" {rN+ MP+9 Str+2}
rPois    .         Reflect  .   C - +1 helmet {SInv}
rElec    .         Harm     .   k - +2 cloak
rCorr    .         Rampage  .   (no gloves)
Will     .....                  D - +0 pair of boots
Stlth    +.........             v - amulet of magic regeneration
HPRegen  0.27/turn              e - +4 ring of evasion
MPRegen  0.46/turn              a - +6 ring of dexterity

@: mighty, glowing
A: no striking features
a: Renounce Religion, Divine Shield, Cleansing Flame, Summon Divine Warrior


You were on level 13 of the Dungeon.
You worshipped the Shining One.
The Shining One was extremely pleased with you.
You visited 2 branches of the dungeon, and saw 14 of its levels.

You collected 940 gold pieces.
You spent 112 gold pieces at shops.

Inventory:

Hand Weapons
 G - a +1 hand axe of flaming
 H - the +8 whip "Snakebite" {curare, rPois}
   (You found it on level 11 of the Dungeon)

   It poisons the flesh of those it strikes.
   It protects you from poison.
 L - a +2 battleaxe (weapon)
Armour
 g - a +0 buckler
 k - a +2 cloak (worn)
 p - the +4 ring mail "Kieskeull" (worn) {rN+ MP+9 Str+2}
   (You found it on level 12 of the Dungeon)

   It affects your strength (+2).
   It protects you from negative energy.
   It affects your magic capacity (+9).
 C - a +1 helmet of see invisible (worn)
 D - a +0 pair of boots (worn)
Jewellery
 a - a +6 ring of dexterity (right hand)
 b - an uncursed ring of poison resistance
 e - a +4 ring of evasion (left hand)
 q - an uncursed ring of flight
 v - an amulet of magic regeneration (around neck)
 E - an uncursed amulet of the acrobat
Wands
 c - a wand of acid (15)
 s - a wand of iceblast (11)
 K - a wand of digging (4)
Scrolls
 f - 5 scrolls of fog
 h - 2 scrolls of magic mapping
 j - 7 scrolls of remove curse
 o - a scroll of enchant armour
 t - 2 scrolls of amnesia
 u - 2 scrolls of fear {unknown}
 w - a scroll of blinking
 y - 4 scrolls of immolation
 I - a scroll of holy word {unknown}
 J - a scroll of summoning {unknown}
Potions
 d - 5 potions of might
 i - a potion of haste
 l - 5 potions of brilliance
 m - a potion of magic
 n - 3 potions of curing
 z - 4 potions of flight
 A - a potion of resistance {unknown}
 B - a potion of attraction {unknown}
 F - a potion of mutation {unknown}


   Skills:
 + Level 9.7 Fighting
 * Level 12.4 Axes
 * Level 10.2 Armour
 * Level 7.4 Dodging
 - Level 3.2 Shields
 + Level 2.5 Spellcasting
 + Level 3.1 Conjurations
 * Level 5.4 Fire Magic
 + Level 9.7 Invocations
 - Level 3.0 Evocations


You had 11 spell levels left.
You knew the following spells:

 Your Spells              Type           Power        Failure   Level
a - Magic Dart            Conj           28%          12%         1
b - Conjure Flame         Conj/Fire      9%           22%         3
c - Foxfire               Conj/Fire      36%          8%          1

Your spell library contained the following spells:

 Spells                   Type           Power        Failure   Level
 Searing Ray              Conj           14%          19%         2
 Poisonous Vapours        Pois/Air       2%           54%         2
 Dazzling Flash           Conj/Hex       8%           56%         3
 Mephitic Cloud           Conj/Pois/Air  3%           63%         3
 Fulminant Prism          Conj/Hex       2%           92%         4
 Iskenderun's Mystic Bla  Conj/Tloc      4%           92%         4
 Freezing Cloud           Conj/Ice/Air   1%           100%        6


Dungeon Overview and Level Annotations

Branches:
Dungeon (13/15)            Temple (1/1) D:7            Lair (0/6) D:9
    Orc (0/2) D:12
 Vaults: D:13-14

Altars:
Ashenzari
Cheibriados
Dithmenos
Elyvilon
Fedhas
Gozag
Hepliaklqana
Kikubaaqudgha
Makhleb
Nemelex Xobeh
Okawaru
Qazlal
Ru
Sif Muna
Trog
Uskayaw
Vehumet
Wu Jian
Xom
Yredelemnul
Zin
The Shining One

Shops:
D:4 :   D:5 (   D:8 *   D:9 !   D:12 (

Annotations:
D:7 3 runed translucent doors, dtburroughs's ghost, novice MiBe
D:10 1 runed translucent door, Patoropollo's ghost, novice MiFi
D:11 exclusion: oklob plant
D:13 Azrael


Message History

The tengu warrior is almost dead.
The tengu warrior misses you.
The tengu warrior completely misses you.
The tengu warrior claws you.
* * * LOW HITPOINT WARNING * * *
Something unseen opens the door.
A tengu warrior comes into view. It is wielding a +3 war axe.
You slash the tengu warrior!
You kill the tengu warrior!
The tengu warrior throws a stone.
The stone hits you!
* * * LOW HITPOINT WARNING * * *
A vampire knight comes into view. It is wielding a +1 long sword.
As you read the scroll of fog, it crumbles to dust.
The scroll dissolves into smoke.
Okay, then.
You fail to use your ability.
The vampire knight barely misses you. The vampire knight misses you.
You fail to use your ability.
The vampire knight hits you with a +1 long sword.
You die...

♣..' ♣..#
#♣♣..# ....#
♣.Q# ♣..# ♣
♣..§#####+..♣
♣..QV§§§.?..♣
♣..§§@§§....♣
♣♣♣♣♣♣§♣♣♣♣♣♣
§♣ .♣ .♣ ≈≈
≈≈ ≈≈


You could see a vampire knight and a tengu warrior.

Vanquished Creatures
  2 hydras (D:11)
  A two-headed ogre (D:13)
  A tengu warrior (D:13)
  Pikel (D:5)
  An ugly thing (D:12)
  A deep elf mage (D:13)
  A gargoyle (D:10)
  A kobold demonologist (D:11)
  A komodo dragon (D:11)
  2 trolls
  A hornet (D:9)
  Prince Ribbit (D:9)
  A wraith (D:11)
  11 yaks
  3 wyverns
  2 fire elementals (D:13)
  2 soldier ants (D:12)
  4 orc warriors
  3 sky beasts
  3 ice beasts
  3 black bears
  5 ogres
  4 phantoms
  3 necrophages
  8 centaurs
  2 big kobolds
  12 bullfrogs
  A gnoll sergeant (D:10)
  A wyvern skeleton (D:12)
  5 scorpions
  A water moccasin zombie (D:7)
  A water moccasin skeleton (D:4)
  3 wights (D:12)
  2 howler monkeys (D:7)
  3 bullfrog zombies
  4 hounds
  4 centaur skeletons
  4 centaur zombies
  5 orc priests
  3 bullfrog skeletons
  3 jellies
  10 orc wizards
  Jessica (D:2)
  3 iguanas
  Natasha (twice) (D:2)
  6 worker ants
  2 hound skeletons
  A hound zombie (D:10)
  2 worker ant zombies
  A howler monkey skeleton (D:6)
  7 gnolls
  13 adders
  3 ufetubi
  An ooze (D:2)
  2 worms
  4 dart slugs
  11 leopard geckos
  41 orcs
  3 ball pythons
  7 giant cockroaches
  13 goblins
  6 hobgoblins
  13 jackals
  36 kobolds
  2 quokkas
  8 bats
  7 frilled lizards
  15 rats
340 creatures vanquished.

Vanquished Creatures (others)
  A centaur skeleton (D:13)
  3 foxfires (D:11)
  44 fungi
  141 plants
189 creatures vanquished.

Grand Total: 529 creatures vanquished

Notes
Turn   | Place    | Note
-------+----------+-------------------------------------------
     0 | D:1      | Tirrikindir the Hill Orc Fighter began the quest for the
                  | Orb.
     0 | D:1      | Reached XP level 1. HP: 19/19 MP: 1/1
   125 | D:1      | Reached skill level 3 in Axes
   204 | D:1      | Reached XP level 2. HP: 25/27 MP: 2/2
   421 | D:1      | Reached XP level 3. HP: 33/33 MP: 3/3
  1038 | D:1      | Reached skill level 1 in Dodging
  1061 | D:1      | Reached skill level 4 in Axes
  1299 | D:2      | Reached XP level 4. HP: 40/40 MP: 4/4
  1495 | D:2      | Noticed Natasha
  1500 | D:2      | Killed Natasha
  1641 | D:2      | Noticed Natasha
  1657 | D:2      | Killed Natasha
  1658 | D:2      | Reached XP level 5. HP: 27/47 MP: 5/5
  2056 | D:2      | Noticed Jessica
  2066 | D:2      | Found a glowing golden altar of the Shining One.
  2069 | D:2      | Killed Jessica
  2070 | D:2      | Reached skill level 5 in Axes
  2079 | D:2      | Became a worshipper of the Shining One
  2868 | D:3      | Reached skill level 1 in Invocations
  3031 | D:3      | Reached XP level 6. HP: 49/53 MP: 6/6
  3213 | D:3      | Found a sacrificial altar of Ru.
  3870 | D:4      | Noticed a phantom
  3897 | D:4      | Killed a phantom
  3988 | D:4      | Found Pionac's Book Shoppe.
  4034 | D:4      | Reached skill level 6 in Axes
  4188 | D:4      | Reached skill level 5 in Fighting
  4188 | D:4      | Reached XP level 7. HP: 60/61 MP: 8/8
  4454 | D:4      | Reached * piety under the Shining One
  4593 | D:4      | Found an iron altar of Okawaru.
  4598 | D:4      | You fall into a shaft and drop 1 floor!
  4598 | D:5      | Entered Level 5 of the Dungeon
  4608 | D:5      | Reached skill level 5 in Armour
  4616 | D:5      | Reached skill level 10 in Axes
  4616 | D:5      | Reached skill level 5 in Dodging
  4616 | D:5      | Reached XP level 8. HP: 75/75 MP: 9/14
  4621 | D:5      | Found a bloodstained altar of Trog.
  4622 | D:5      | Found a basalt altar of Yredelemnul.
  4627 | D:5      | Found a snail-covered altar of Cheibriados.
  4627 | D:5      | Found a broken altar of Ashenzari.
  4636 | D:5      | Found a radiant altar of Vehumet.
  4637 | D:5      | Found a blossoming altar of Fedhas.
  4787 | D:5      | Found an ancient bone altar of Kikubaaqudgha.
  5452 | D:5      | Found Inigeg's Hydra Hut.
  5457 | D:5      | Noticed an eight-headed hydra
  5515 | D:5      | Noticed Pikel
  5520 | D:5      | Reached XP level 9. HP: 82/82 MP: 15/15
  5527 | D:5      | Killed Pikel
  5528 | D:5      | Reached skill level 1 in Evocations
  6833 | D:7      | Reached ** piety under the Shining One
  6934 | D:7      | Learned a level 1 spell: Magic Dart
  6938 | D:7      | Learned a level 3 spell: Conjure Flame
  7025 | D:7      | Reached XP level 10. HP: 90/90 MP: 16/16
  7029 | D:7      | Found a staircase to the Ecumenical Temple.
  7040 | Temple   | Entered the Ecumenical Temple
  7307 | D:7      | Found a runed translucent gate.
  7307 | D:7      | Found a runed translucent gate.
  7308 | D:7      | Found a runed translucent gate.
  7318 | D:7      | Found a sacrificial altar of Ru.
  7537 | D:7      | Noticed dtburroughs's ghost (novice MiBe)
  7824 | D:8      | Found Siugg's Assorted Antiques.
  7845 | D:8      | Bought a scroll of fog for 46 gold pieces
  7845 | D:8      | Bought a scroll labelled DAETOQEUNOEN for 23 gold pieces
  7845 | D:8      | Bought a sedimented golden potion for 20 gold pieces
  7845 | D:8      | Bought a scroll labelled FYTOTY OLYEFOJ for 23 gold pieces
  7885 | D:8      | Reached skill level 1 in Fire Magic
  8250 | D:8      | Found a hazy altar of Hepliaklqana.
  8311 | D:8      | Found an opulent altar of Gozag.
  8748 | D:9      | Reached skill level 11 in Axes
  8836 | D:9      | Noticed Prince Ribbit
  8850 | D:9      | Killed Prince Ribbit
  8851 | D:9      | Reached skill level 1 in Conjurations
  9014 | D:9      | Paralysed by a hornet for 1 turns
  9017 | D:9      | Reached skill level 1 in Spellcasting
  9114 | D:9      | Found a shimmering blue altar of Sif Muna.
  9155 | D:9      | Identified Sif Muna's Almanac of Arcane Weapons
  9163 | D:9      | Learned a level 1 spell: Foxfire
  9179 | D:9      | Reached *** piety under the Shining One
  9225 | D:9      | Found Ynnawut's Distillery.
  9391 | D:9      | Found a staircase to the Lair.
  9800 | D:10     | Entered Level 10 of the Dungeon
 10102 | D:10     | Noticed a gargoyle
 10111 | D:10     | Killed a gargoyle
 10112 | D:10     | Reached XP level 11. HP: 97/97 MP: 17/17
 10229 | D:10     | Found a runed translucent door.
 10235 | D:10     | Noticed Patoropollo's ghost (novice MiFi)
 11005 | D:11     | Reached **** piety under the Shining One
 11183 | D:11     | Found the +8 whip "Snakebite" {curare, rPois}
 11215 | D:11     | Noticed an eight-headed hydra
 11238 | D:11     | HP: 1/97 [eight-headed hydra (8)]
 11239 | D:11     | Killed an eight-headed hydra
 11610 | D:11     | Noticed a four-headed hydra
 11622 | D:11     | Killed a four-headed hydra
 11834 | D:11     | Found a blossoming altar of Fedhas.
 11926 | D:11     | Noticed an oklob plant
 12226 | D:12     | Reached skill level 12 in Axes
 12376 | D:12     | Reached skill level 10 in Armour
 12471 | D:12     | Noticed a red ugly thing
 12478 | D:12     | Killed a red ugly thing
 12487 | D:12     | Reached XP level 12. HP: 72/105 MP: 19/19
 12628 | D:12     | Found Geem's Weapon Emporium.
 12628 | D:12     | Found a staircase to the Orcish Mines.
 12651 | D:12     | Reached skill level 5 in Fire Magic
 13015 | D:12     | Reached ***** piety under the Shining One
 13031 | D:12     | Got a shimmering ring mail
 13041 | D:12     | Identified the +4 ring mail "Kieskeull" {rN+ MP+9 Str+2}
                  | (You found it on level 12 of the Dungeon)
 13232 | D:13     | Noticed a boulder beetle
 13233 | D:13     | Noticed Azrael
 13269 | D:13     | Noticed a two-headed ogre
 13277 | D:13     | HP: 3/105 [two-headed ogre/+0 giant spiked club (15)]
 13278 | D:13     | Killed a two-headed ogre
 13292 | D:13     | Noticed a tengu warrior
 13299 | D:13     | Noticed a tengu warrior
 13299 | D:13     | Killed a tengu warrior
 13299 | D:13     | HP: 5/106 [tengu warrior/stone[a tengu warrior] (12)]
 13299 | D:13     | Noticed a vampire knight
 13302 | D:13     | Slain by a vampire knight

Illustrated notes

Levels and vault maps discovered:
D:1:      elethiomel_arrival_diamonds, layout_basic, bh_walls_and_bars
D:2:      layout_basic, nicolae_tso_swordbearing_angel, uniq_jessica,
          uniq_natasha
D:3:      minmay_octagon_keep, layout_loops_corners, kennysheep_crisscross,
          nicolae_ru_path_of_blood
D:4:      layout_gridville, general_overflow_altar, serial_shops,
          nicolae_shop_stone
D:5:      layout_basic, kiku_gazebo_pond_becter, grunt_temple_overflow_open,
          doesnt_shop_hydraphobe, uniq_pikel
D:6:      layout_basic
D:7:      layout_rooms, minmay_temple_entry_glassed_door, serial_corexii_hall,
          corexii_hall_statues_l, corexii_hall_statues_i, gammafunk_ghost_icy,
          hangedman_decor_push, corexii_item_surrounded_by_moat,
          minmay_ruined_shrine
D:8:      kennysheep_kobold_camp, layout_rooms, kennysheep_mini_moat,
          serial_shops, nicolae_shop_window_shopping, grunt_gozag_statues
D:9:      layout_loops_ring, led_sif_book, grunt_lair_entry_orc_guard_hut,
          serial_shops, shop, minmay_misc_feat_room, hangedman_decor_slide_cut,
          uniq_prince_ribbit1
D:10:     layout_long_grid, ebering_ghost_reflecting_pool
D:11:     layout_big_octagon, tgw_fedhas
D:12:     layout_rooms, orc_david_3, minmay_holes
D:13:     nzn_winding_woodlands_large [nzn_winding_woodlands_5x5_closed_star,
          nzn_winding_woodlands_5x15_river_crossing,
          nzn_winding_woodlands_5x5_checkerboard,
          nzn_winding_woodlands_center_pierced_h,
          nzn_winding_woodlands_15x15_killbox,
          nzn_winding_woodlands_center_lodge,
          nzn_winding_woodlands_5x5_open_star,
          nzn_winding_woodlands_5x15_split_checker,
          nzn_winding_woodlands_5x5_three], layout_basic,
          grunt_vaults_entry_fortified, basic_altar, serial_shops, shop,
          ashenzari_altar_1, uniq_azrael
Temple:   minmay_temple_curvy_loop

Skill      XL: |  1  2  3  4  5  6  7  8  9 10 11 12 |
---------------+-------------------------------------+-----
Axes           | 3 4 5 6 10 11 12 | 12.4
Fighting       | 4 5 8 9 |  9.7
Dodging        | 1 2 5 6 7 |  7.4
Armour         | 4 7 8 9 10 | 10.2
Invocations    | 1 2 8 9 |  9.7
Evocations     | 1 2 3 |  3.0
Fire Magic     | 2 4 5 |  5.4
Conjurations   | 1 2 3 |  3.1
Spellcasting   | 1 2 |  2.5
Shields        | |  3.2

Action                   |  1- 3 |  4- 6 |  7- 9 | 10-12 || total
-------------------------+-------+-------+-------+-------++-------
Melee: War axe           |   127 |   233 |   214 |   472 ||  1046
       Whip              |       |       |       |    93 ||    93
       Battleaxe         |       |       |       |    98 ||    98
Throw: Dart              |       |     2 |     1 |       ||     3
 Cast: Magic Dart        |       |       |       |    15 ||    15
       Foxfire           |       |       |       |     2 ||     2
Invok: Cleansing Flame   |       |       |       |     1 ||     1
 Abil: Evoke Flight      |       |       |       |     1 ||     1
Evoke: Wand              |       |       |       |     2 ||     2
  Use: Scroll            |     3 |     4 |     6 |    12 ||    25
       Potion            |       |     1 |     1 |     5 ||     7
Armor: Scale mail        |    28 |     4 |     9 |       ||    41
       Chain mail        |    40 |    85 |       |       ||   125
       Skin              |       |     9 |       |       ||     9
       Ring mail         |       |       |    48 |   189 ||   237
Dodge: Dodged            |    72 |   145 |   152 |   487 ||   856
Block: Kite shield       |    10 |       |       |       ||    10
       Buckler           |    36 |    54 |    29 |   106 ||   225
